 Dungeon Crawl Stone Soup version 0.17.0-24-gcfadda4 (console) character file.

868 Kloppie the Cleaver (level 7, -2/57 HPs)
             Began as a Minotaur Fighter on Nov 17, 2015.
             Slain by an orc warrior
             ... wielding a +0 glaive
              (8 damage)
             ... on level 5 of the Dungeon.
             The game lasted 00:06:03 (3838 turns).

Kloppie the Cleaver (Minotaur Fighter)              Turns: 3838, Time: 00:06:03

Health: -2/57      AC:  9    Str: 25    XL:     7   Next: 73%
Magic:  6/6        EV:  7    Int:  5    God:
Gold:   337        SH: 10    Dex: 12    Spells: 0 memorised, 6 levels left

rFire  . . .     SeeInvis .     a - +0 war axe
rCold  . . .     Clarity  .     b - +0 scale mail
rNeg   . . .     SustAt   .     c - +0 shield
rPois  .         Gourm    .     (helmet restricted)
rElec  .         Spirit   .     y - +0 cloak
rCorr  .         Warding  .     k - +0 pair of gloves
rMut   .         Stasis   .     (no boots)
MR     .....                    (no amulet)
Stlth  ..........               (no ring)
                                (no ring)

@: mighty, not resistant to hostile enchantments, extremely unstealthy
A: retaliatory headbutt, horns 2
a: no special abilities


You were on level 5 of the Dungeon.
You were hungry.

You visited 2 branches of the dungeon, and saw 6 of its levels.

You collected 337 gold pieces.

Inventory:

Hand Weapons
 a - a +0 war axe (weapon)
Armour
 b - a +0 scale mail (worn)
 c - a +0 shield (worn)
 k - a +0 pair of gloves (worn)
 y - a +0 cloak (worn)
Jewellery
 A - an uncursed ring of fire
Wands
 o - a wand of digging (3)
 x - a wand of random effects (14)
Scrolls
 g - 2 scrolls of fear {unknown}
 h - 11 scrolls of identify {unknown}
 l - 3 scrolls of magic mapping {unknown}
 p - a scroll of enchant armour {unknown}
 q - 3 scrolls of remove curse {unknown}
 s - 2 scrolls of immolation {unknown}
 t - a scroll of teleportation {unknown}
 u - 2 scrolls of fog {unknown}
Potions
 d - a potion of might
 f - a potion of cure mutation {unknown}
 j - a potion of ambrosia {unknown}
 r - a potion of haste {unknown}
 w - a potion of degeneration {unknown}
 z - a potion of flight {unknown}
 B - a potion of poison {unknown}
Books
 v - a book of Hinderance

   Spells                             Type                      Level
   a - Confusing Touch                Hexes                        2
   b - Confuse                        Hexes                        3
   c - Gell's Gravitas                Hexes/Translocation          3
   d - Petrify                        Transmutation/Earth          4
   e - Metabolic Englaciation         Hexes/Ice                    5
Comestibles
 e - 3 bread rations
 i - 2 slices of pizza
 m - a royal jelly
 n - 3 fruits
 C - 2 chunks of flesh


   Skills:
 - Level 3.6 Fighting
 + Level 10.7 Axes
 - Level 3.6 Armour
 - Level 3.6 Shields


You had 6 spell levels left.
You didn't know any spells.

Dungeon Overview and Level Annotations

Branches:
Dungeon (5/15)             Temple (1/1) D:5

Altars:
Cheibriados
Dithmenos
Elyvilon
Fedhas
Gozag
Kikubaaqudgha
Nemelex Xobeh
Okawaru
Qazlal
Sif Muna
Trog
Vehumet
Xom
Yredelemnul
Zin


Innate Abilities, Weirdness & Mutations

You reflexively headbutt those who attack you in melee.
You have a pair of horns on your head.


Message History

You feel very mighty all of a sudden. You block the orc warrior's attack.
The orc priest hits you but does no damage.
You slash the orc priest!
You kill the orc priest!
You slash the orc!
You kill the orc!
The orc warrior hits you from afar with a glaive!!
* * * LOW HITPOINT WARNING * * *
Things that are here:
a war axe; a ring mail You are feeling hungry.
You completely miss the orc warrior. Your headbutt misses the orc warrior.
The orc warrior barely misses you. You furiously retaliate!
You headbutt the orc warrior, but do no damage.
Your shield and scale mail prevent you from hitting the orc warrior.
The orc warrior hits you but does no damage.
You closely miss the orc warrior. Your headbutt misses the orc warrior.
The orc warrior hits you with a glaive!
You die...

#.... #.... #.....
#..... ...
#.....#########....
#.................. ..
#......o................
#......@................
#......)................
#..........?............
#.......................
######..................
#......##..._......
#......#......_.>..
#......+...........
#......#._..⌠.._...


You could see an orc warrior.

Vanquished Creatures
  Sigmund (D:3)
  An ice beast (D:5)
  2 ogres
  The ghost of acidapple the Conjurer, an amateur TeCj (D:3)
  A scorpion (D:4)
  A hound (D:4)
  3 orc priests
  An orc wizard (D:5)
  4 adders
  4 gnolls (D:5)
  An adder zombie (D:5)
  2 worms
  2 adder skeletons
  A giant gecko (D:2)
  13 orcs
  8 bats
  2 giant cockroaches
  6 hobgoblins
  12 jackals
  6 giant newts
  5 goblins
  6 kobolds
  A quokka (D:2)
  7 rats
91 creatures vanquished.

Notes
Turn   | Place    | Note
--------------------------------------------------------------
     0 | D:1      | Kloppie the Minotaur Fighter began the quest for the Orb.
     0 | D:1      | Reached XP level 1. HP: 19/19 MP: 0/0
   265 | D:1      | Reached XP level 2. HP: 24/26 MP: 1/1
   511 | D:1      | Reached skill level 4 in Axes
   633 | D:2      | Found a shadowy altar of Dithmenos.
   665 | D:2      | Reached XP level 3. HP: 31/31 MP: 2/2
  1039 | D:2      | Reached skill level 5 in Axes
  1614 | D:2      | Reached XP level 4. HP: 30/39 MP: 3/3
  1653 | D:3      | Noticed Sigmund
  1730 | D:3      | Noticed acidapple's ghost (amateur TeCj)
  1772 | D:3      | Killed acidapple's ghost
  1772 | D:3      | Reached skill level 6 in Axes
  1772 | D:3      | Reached XP level 5. HP: 20/45 MP: 4/4
  1862 | D:3      | Killed Sigmund
  1862 | D:3      | Reached skill level 7 in Axes
  1862 | D:3      | Reached XP level 6. HP: 24/51 MP: 5/5
  1925 | D:3      | Found a shimmering altar of Xom.
  1925 | D:3      | Found an ancient bone altar of Kikubaaqudgha.
  2214 | D:4      | Reached skill level 8 in Axes
  2917 | D:4      | Reached skill level 9 in Axes
  3085 | D:4      | Reached XP level 7. HP: 53/57 MP: 6/6
  3430 | D:5      | Entered Level 5 of the Dungeon
  3546 | D:5      | Found a glowing silver altar of Zin.
  3547 | D:5      | Found a blossoming altar of Fedhas.
  3547 | D:5      | Found a bloodstained altar of Trog.
  3547 | D:5      | Found an iron altar of Okawaru.
  3549 | D:5      | Found a white marble altar of Elyvilon.
  3558 | D:5      | Found a radiant altar of Vehumet.
  3676 | D:5      | Reached skill level 10 in Axes
  3683 | D:5      | Found a staircase to the Ecumenical Temple.
  3692 | Temple   | Entered the Ecumenical Temple
  3838 | D:5      | Slain by an orc warrior

Action                   |  1- 3 |  4- 6 |  7- 9 || total
-------------------------+-------+-------+-------++-------
Melee: War axe           |   108 |    79 |    50 ||   237
  Use: Potion            |       |     2 |     1 ||     3
  Eat: Chunk             |     2 |     5 |     2 ||     9
